 Dungeon Crawl Stone Soup version 0.17-b1-15-g0f5fb43 (webtiles) character file.

2460 Cookie the Spear-Bearer (level 9, -1/63 HPs)
             Began as a Demonspawn Fighter on Nov 7, 2015.
             Shot with an arrow by a centaur (8 damage)
             ... on level 7 of the Dungeon.
             The game lasted 00:30:47 (8942 turns).

Cookie the Spear-Bearer (Demonspawn Fighter)        Turns: 8942, Time: 00:30:47

Health: -1/63      AC: 15    Str: 16    XL:     9   Next: 26%
Magic:  14/14      EV:  7    Int: 14    God:
Gold:   62         SH:  0    Dex: 12    Spells: 1 memorised, 12 levels left

rFire  + . .     SeeInvis .     i - +1 spear (vamp)
rCold  . . .     Clarity  .     f - +0 plate armour
rNeg   . . .     SustAt   .     (no shield)
rPois  .         Gourm    .     (no helmet)
rElec  .         Spirit   .     r - +0 cloak
rCorr  .         Warding  .     (no gloves)
rMut   +         Stasis   .     (no boots)
MR     .....                    n - amulet of resist mutation
Stlth  ..........               K - ring of protection from fire
                                y - ring of wizardry

@: about to teleport, vulnerable, very slightly contaminated, not resistant to
hostile enchantments, extremely unstealthy
A: claws 2, fangs 1, repulsion field 1, breathe flames 1, nightstalker 1
a: Breathe Fire


You were on level 7 of the Dungeon.
You were hungry.

You visited 2 branches of the dungeon, and saw 8 of its levels.

You collected 411 gold pieces.
You spent 349 gold pieces at shops.

Inventory:

Hand Weapons
 a - a +0 trident
 i - a +1 vampiric spear (weapon)
 u - a +2 quarterstaff of chaos
 x - a +0 quarterstaff of protection
Armour
 b - a +0 scale mail
 f - a +0 plate armour (worn)
 r - a +0 cloak (worn)
Jewellery
 n - an amulet of resist mutation (around neck)
 y - a ring of wizardry (left claw)
 K - a ring of protection from fire (right claw)
Wands
 t - a wand of digging (9)
 F - a wand of confusion (18)
 H - a wand of frost (26)
 J - a wand of digging (10)
Scrolls
 d - a scroll of magic mapping
 g - 3 scrolls of enchant armour
 k - a scroll of fog
 p - a scroll of teleportation
Potions
 j - 2 potions of curing
Books
 m - a book of Beasts

   Spells                             Type                      Level
   a - Summon Butterflies             Summoning                    1
   b - Call Canine Familiar           Summoning                    3
   c - Summon Ice Beast               Ice/Summoning                4
   d - Summon Mana Viper              Hexes/Summoning              5
   e - Summon Hydra                   Summoning                    7
 D - a Fen Folio

   Spells                             Type                      Level
   a - Corpse Rot                     Necromancy                   2
   b - Stone Arrow                    Conjuration/Earth            3
   c - Leda's Liquefaction            Hexes/Earth                  4
   d - Summon Forest                  Summoning/Translocation      5
   e - Hydra Form                     Transmutation                6
   f - Summon Hydra                   Summoning                    7
Comestibles
 e - 2 bread rations
 o - 3 slices of pizza
 B - 2 royal jellies


   Skills:
 - Level 3.0 Fighting
 + Level 8.1 Polearms
 - Level 8.0 Armour
   Level 2.6 Shields
 * Level 3.3 Spellcasting


You had 12 spell levels left.
You knew the following spells:

 Your Spells              Type           Power        Failure   Level  Hunger
a - Corpse Rot            Necr           N/A          100%        2    ##.....


Dungeon Overview and Level Annotations

Branches:
Dungeon (7/15)             Temple (1/1) D:6

Altars:
Ashenzari
Cheibriados
Dithmenos
Elyvilon
Fedhas
Gozag
Makhleb
Nemelex Xobeh
Okawaru
Qazlal
Ru
Sif Muna
Trog
Vehumet
Xom
Yredelemnul
Zin
The Shining One

Shops:
D:7 :(?


Innate Abilities, Weirdness & Mutations

You have very sharp fingernails.
You are surrounded by a mild repulsion field (EV +2).
You are slightly more attuned to the shadows.
You have very sharp teeth.
You can breathe flames.


Message History

You hear a splash.
The centaur shoots an arrow.
The arrow hits you!
* * * LOW HITPOINT WARNING * * *
You hear a splash.
Read which item? (? for menu, Esc to quit)
As you read the scroll labeled SUIHOL BIRUHISK, it crumbles to dust.
Magic quickly surges around you.
It was a scroll of vulnerability.
The centaur shoots an arrow of frost.
The arrow of frost barely misses you.
You hear a splash.
The centaur shoots an arrow.
The arrow hits you but does no damage.
You hear a splash.
Read which item? (? for menu, Esc to quit)
Okay, then.
Drink which item? (? for menu, Esc to quit)
You feel better.
The centaur shoots an arrow.
The arrow closely misses you.
You hear a splash.
The centaur shoots an arrow.
The arrow hits you but does no damage.
You hear a splash.
The centaur shoots an arrow.
The arrow hits you!
You die...

....## #.#(#
#.###...... ..∩####
#.#.# #..........
.......
..#.#######.....####.
......#
..#............)# #.
.......
##.#########.....# #.
.####.# # #.###.# #.
.# #.#########.#...#
#. .#
#.≈§§≈≈≈≈≈≈≈≈≈≈.# #.
.# #.≈§@§≈≈≈≈≈≈≈≈≈.#
#. .#
#.≈§§§≈≈≈≈≈≈≈≈≈.# #.
#.≈≈≈≈≈≈≈≈≈≈≈≈≈.#
#.≈≈≈≈≈c≈≈≈≈≈≈≈.#
...≈≈≈≈≈c.c≈≈≈≈≈.#
###.≈≈≈≈≈...≈
..≈≈≈≈≈...≈


You could see 3 centaurs.

Vanquished Creatures
  Grinder (D:6)
  Prince Ribbit (D:6)
  The ghost of Monkaria the Chopper, an amateur MiBe of Trog (D:4)
  An orc warrior (D:5)
  An ice beast (D:7)
  2 ogres
  A sky beast (D:6)
  A giant frog (D:7)
  2 centaurs
  2 scorpions (D:5)
  4 wights (D:6)
  2 vampire bats (D:4)
  3 crimson imps (D:5)
  2 hounds
  Crazy Yiuf (D:2)
  2 jellies (D:5)
  3 orc priests
  9 orc wizards
  5 worker ants
  A hound skeleton (D:6)
  6 adders
  2 shadow imps (D:6)
  An adder skeleton (D:3)
  A worm (D:3)
  2 giant geckos
  39 orcs
  A ball python (D:2)
  20 bats
  7 goblins
  4 hobgoblins
  12 jackals
  3 quokkas
  4 giant cockroaches
  A giant cockroach zombie (D:5)
  2 giant gecko skeletons (D:6)
  9 kobolds
  3 rats
162 creatures vanquished.

Notes
Turn   | Place    | Note
--------------------------------------------------------------
     0 | D:1      | Cookie the Demonspawn Fighter began the quest for the Orb.
     0 | D:1      | Reached XP level 1. HP: 18/18 MP: 1/1
   232 | D:1      | Gained mutation: You are surrounded by a mild repulsion field (EV +2). [demonic ancestry]
   232 | D:1      | Reached XP level 2. HP: 21/24 MP: 2/2
   766 | D:1      | Reached XP level 3. HP: 25/29 MP: 3/3
  1918 | D:2      | Noticed Crazy Yiuf
  1952 | D:2      | Killed Crazy Yiuf
  1952 | D:2      | Reached skill level 4 in Polearms
  1952 | D:2      | Gained mutation: You have sharp fingernails. [demonic ancestry]
  1952 | D:2      | Reached XP level 4. HP: 35/35 MP: 4/4
  2699 | D:4      | Reached XP level 5. HP: 38/41 MP: 5/5
  2750 | D:4      | Reached skill level 5 in Polearms
  2769 | D:4      | Found a blossoming altar of Fedhas.
  2769 | D:4      | Noticed a centaur
  2779 | D:4      | Killed a centaur
  2923 | D:4      | Found a deep blue altar of Sif Muna.
  2923 | D:4      | Found a shattered altar of Ashenzari.
  2974 | D:4      | Gained mutation: You have very sharp fingernails. [demonic ancestry]
  2974 | D:4      | Reached XP level 6. HP: 47/47 MP: 6/6
  2991 | D:4      | Reached skill level 6 in Polearms
  3202 | D:4      | Noticed Monkaria's ghost (amateur MiBe)
  3256 | D:5      | Entered Level 5 of the Dungeon
  3732 | D:5      | Reached skill level 7 in Polearms
  3732 | D:5      | Gained mutation: You are slightly more attuned to the shadows. [demonic ancestry]
  3732 | D:5      | Reached XP level 7. HP: 29/52 MP: 7/7
  4928 | D:5      | Reached skill level 5 in Armour
  5313 | D:6      | Noticed Grinder
  5480 | D:5      | Reached XP level 8. HP: 58/58 MP: 8/8
  5526 | D:6      | Paralysed by Grinder for 5 turns
  5533 | D:6      | Killed Grinder
  6004 | D:6      | Found a white marble altar of Elyvilon.
  6641 | D:6      | Found a staircase to the Ecumenical Temple.
  6763 | D:4      | HP: 2/58 [Monkaria's ghost (4)]
  6777 | D:4      | HP: 1/58 [Monkaria's ghost (4)]
  7107 | D:4      | Killed Monkaria's ghost
  7302 | D:5      | Reached skill level 8 in Armour
  7533 | Temple   | Entered the Ecumenical Temple
  7759 | D:6      | Gained mutation: You can breathe flames. [potion of beneficial mutation]
  7763 | D:6      | Gained mutation: You have very sharp teeth. [potion of mutation]
  7823 | D:6      | Noticed Prince Ribbit
  7852 | D:6      | Found a radiant altar of Vehumet.
  7864 | D:6      | Killed Prince Ribbit
  7864 | D:6      | Reached skill level 1 in Spellcasting
  8107 | D:6      | Reached XP level 9. HP: 44/63 MP: 12/12
  8300 | D:7      | Found Dirchuci's Magic Scroll Emporium.
  8338 | D:7      | Bought a scroll of enchant armour for 97 gold pieces
  8338 | D:7      | Bought a scroll of identify for 26 gold pieces
  8338 | D:7      | Bought a scroll of magic mapping for 45 gold pieces
  8338 | D:7      | Bought a scroll of blinking for 97 gold pieces
  8341 | D:7      | Learned a level 2 spell: Corpse Rot
  8372 | D:7      | Found Efroh Jirra's Antique Weapon Emporium.
  8382 | D:7      | Bought a runed spear for 84 gold pieces
  8498 | D:7      | Found a glowing silver altar of Zin.
  8728 | D:7      | Found a sparkling altar of Nemelex Xobeh.
  8863 | D:7      | Found Saphesuc's Book Emporium.
  8940 | D:7      | HP: 2/63 [centaur/arrow (7)]
  8942 | D:7      | Shot with an arrow by a centaur

Action                   |  1- 3 |  4- 6 |  7- 9 || total
-------------------------+-------+-------+-------++-------
Melee: Trident           |   200 |       |   440 ||   640
       Quarterstaff      |       |   162 |    13 ||   175
       Spear             |       |       |   143 ||   143
Evoke: Wand              |       |       |     1 ||     1
  Use: Potion            |     2 |     1 |    20 ||    23
       Scroll            |       |       |    13 ||    13
 Stab: Paralysed         |       |     1 |       ||     1
       Confused          |       |       |     4 ||     4
  Eat: Chunk             |     3 |     1 |     2 ||     6
       Bread ration      |       |     2 |     2 ||     4
       Fruit             |       |       |     4 ||     4
       Pizza             |       |       |     3 ||     3
